Map: Acropolis LE

Players

Zanster

  • Race: Zerg Zerg
  • Spawn Location: 5:00

ShaDoWn - Winner!

  • Race: Protoss Protoss
  • Spawn Location: 11:00

Event: 2019 WCS Summer

VOD

Have the link to the VOD?

Description

Time

  • Played on: July 12, 2019, 3:46 p.m.
  • Length: 55:54

All games in this series

Show
View Real Time Build Order
Export as new Build Order

Zanster Zerg 

Build Orders: Hatch First 

Get SALT Encoding   

  12  0:00  Drone  
  13  0:12  Overlord  
  13  0:16  Drone  
  14  0:31  Drone x2  
  16  0:47  Hatchery  
  15  0:51  Drone  
  15  0:55  Drone  
  17  0:57  Drone  
  18  1:08  Extractor  
  17  1:13  Spawning Pool  
  17  1:15  Drone  
  17  1:20  Drone  
  18  1:28  Drone  
  19  1:39  Drone  
  20  1:50  Drone  
  21  2:01  Overlord  
  21  2:02  Queen x2  
  21  2:03  Zergling x2  
  26  2:12  Drone  
  26  2:13  Drone  
  28  2:21  Zergling x2  
  29  2:26  Drone  
  30  2:33  Hatchery  
  30  2:34  Drone  
  30  2:41  Queen  
  32  2:47  Overlord  
  32  2:49  Drone  
  33  2:51  Drone  
  33  2:54  Drone  
  33  2:58  Drone  
  36  3:07  Overlord  
  36  3:09  Drone x2  
  38  3:13  Drone x5  
  38  3:17  Lair  
  43  3:21  Drone  
  44  3:28  Drone  
  44  3:30  Spore Crawler  
  44  3:33  Drone, Roach Warren  
  44  3:39  Overlord  
  44  3:40  Spore Crawler  
  44  3:44  Drone x4  
  44  3:45  Drone  
  49  3:50  Drone, Spore Crawler  
  49  3:52  Drone x2  
  49  3:55  Drone  
  52  3:57  Drone  
  52  4:00  Drone x2  
  52  4:01  Drone  
  56  4:05  Overlord  
  56  4:07  Drone  
  57  4:12  Drone  
  58  4:17  Extractor  
  58  4:18  Extractor  
  58  4:19  Drone x4  
  58  4:20  Hydralisk Den, Extractor  
  58  4:22  Drone  
  58  4:23  Drone  
  60  4:26  Metabolic Boost  
  60  4:27  Drone  
  60  4:28  Drone x2  
  60  4:30  Drone  
  64  4:32  Drone x2  
  64  4:36  Overlord  
  64  4:37  Drone x2  
  68  4:44  Drone  
  69  4:47  Overlord  
  69  4:53  Extractor  
  69  4:55  Queen  
  69  4:56  Overlord  
  69  4:57  Hydralisk x3  
  76  5:01  Hydralisk  
  76  5:02  Zergling x8  
  82  5:08  Hydralisk  
  82  5:10  Overlord  
  82  5:13  Overseer  
  83  5:15  Hydralisk  
  83  5:17  Zergling x2  
  83  5:18  Zergling x4  
  88  5:25  Hydralisk x2  
  88  5:26  Zergling x10  
  97  5:28  Overlord  
  97  5:30  Hydralisk  
  97  5:34  Hydralisk  
  97  5:35  Baneling Nest  
  96  5:47  Hydralisk x3  
  96  5:48  Zergling x4  
  94  5:53  Hydralisk  
  94  5:54  Zergling x2  
  83  5:57  Hydralisk  
  83  5:58  Zergling x4  
  83  6:01  Hydralisk  
  83  6:02  Zergling x6  
  80  6:06  Hydralisk  
  80  6:07  Zergling x2  
  80  6:08  Zergling x2  
  82  6:14  Hydralisk x2  
  86  6:20  Baneling x3  
  86  6:24  Hydralisk  
  86  6:25  Zergling x4  
  87  6:28  Zergling x6  
  87  6:32  Baneling x2  
  86  6:35  Hydralisk, Zergling x2  
  86  6:36  Zergling x2  
  88  6:41  Zergling x4  
  90  6:51  Evolution Chamber  
  89  6:54  Hatchery  
  89  6:58  Muscular Augments  
  89  6:59  Hydralisk x3  
  93  7:12  Centrifical Hooks  
  94  7:18  Hatchery  
  94  7:21  Hydralisk  
  94  7:22  Zergling x10  
  94  7:35  Hydralisk  
  94  7:36  Hydralisk, Zergling x2  
  92  7:43  Hydralisk  
  92  7:44  Zergling x4  
  96  7:46  Baneling  
  96  7:47  Baneling x2  
  96  7:53  Zergling x6  
  99  8:01  Zergling x4  
  101  8:06  Overlord  
  101  8:10  Baneling x2  
  101  8:11  Baneling  
  101  8:12  Baneling  
  101  8:16  Zergling x14  
  107  8:24  Queen  
  109  8:32  Baneling x8  
  109  8:36  Overlord  
  109  8:40  Baneling x9  
  109  8:43  Baneling x3  
  109  8:44  Zergling x2  
  109  8:48  Baneling x2  
  110  8:50  Baneling  
  110  8:53  Zergling x8  
  114  8:55  Baneling  
  114  8:56  Baneling  
  100  9:12  Hydralisk  
  100  9:13  Zergling x20  
  95  9:24  Baneling  
  95  9:25  Baneling x4  
  95  9:30  Hydralisk  
  95  9:31  Hydralisk x2, Zergling x6  
  93  9:43  Hydralisk, Zergling x2  
  93  9:44  Zergling x8  
  97  9:47  Baneling x5  
  97  9:51  Hydralisk  
  97  9:52  Zergling x2  
  97  10:04  Hydralisk, Zergling x2  
  97  10:05  Zergling x8  
  96  10:13  Hydralisk  
  96  10:14  Zergling x2  
  77  10:23  Drone x2  
  77  10:27  Drone x9  
  88  10:31  Evolution Chamber  
  86  10:45  Grooved Spines  
  86  10:48  Hydralisk x4  
  94  10:56  Pneumatized Carapace  
  94  10:58  Zerg Missile Weapons Level 1  
  94  11:00  Hydralisk x2  
  98  11:08  Hatchery  
  97  11:19  Drone x8  
  104  11:30  Hydralisk x4  
  112  11:34  Drone x3  
  115  11:47  Baneling x4  
  115  11:52  Hydralisk x5  
  115  11:53  Zergling x2  
  126  11:59  Drone x3  
  129  12:06  Overlord x3  
  129  12:16  Baneling x3  
  129  12:17  Baneling  
  129  12:20  Baneling x2  
  129  12:26  Hydralisk x5  
  129  12:29  Baneling x3  
  139  12:31  Baneling x3  
  139  12:34  Zergling x2  
  139  12:35  Zergling x4  
  142  12:41  Hydralisk x3  
  147  12:55  Zerg Missile Weapons Level 2  
  147  12:59  Hatchery  
  147  13:02  Overlord  
  147  13:03  Overlord  
  147  13:04  Overlord  
  144  13:11  Overlord x2  
  142  13:19  Overlord  
  142  13:22  Overlord  
  142  13:24  Hydralisk x6  
  142  13:25  Zergling x2, Hatchery  
  154  13:35  Baneling  
  154  13:37  Baneling x8  
  154  13:39  Hydralisk x2  
  154  13:40  Zergling x10  
  154  13:41  Zergling x2  
  164  13:53  Hydralisk x3  
  164  13:54  Zergling x10  
  175  14:05  Drone x11  
  185  14:12  Infestation Pit  
  185  14:15  Hydralisk x4  
  185  14:16  Zergling x4  
  185  14:17  Zergling x2  
  195  14:23  Baneling  
  195  14:26  Baneling x4  
  195  14:30  Zergling x10, Extractor  
  199  14:34  Baneling x5  
  199  14:56  Hive  
  199  15:08  Extractor  
  199  15:09  Extractor, Spire  
  199  15:10  Extractor  
  199  15:11  Extractor  
  199  15:13  Drone x6  
  200  15:15  Zerg Ground Armor Level 1  
  200  15:23  Overlord  
  200  15:25  Pathogen Glands  
  196  16:25  Hydralisk  
  187  16:26  Zergling x22  
  200  16:38  Greater Spire  
  199  16:46  Overseer x4  
  199  16:47  Overlord x2  
  198  17:05  Drone x8  
  190  17:14  Infestor  
  190  17:15  Infestor x7  
  198  17:22  Neural Parasite  
  197  17:38  Zerg Missile Weapons Level 3  
  194  17:48  Hydralisk x5  
  194  17:49  Zergling x2  
  199  17:52  Baneling x3  
  199  18:11  Overlord  
  199  18:12  Evolution Chamber  
  198  18:17  Spore Crawler  
  198  18:18  Spore Crawler x3  
  194  18:20  Spore Crawler  
  194  18:21  Spore Crawler  
  194  18:25  Queen  
  194  18:33  Infestor x3  
  200  18:39  Spore Crawler x3  
  197  18:42  Zerg Ground Armor Level 2  
  197  18:55  Zerg Flyer Armor Level 1  
  197  19:07  Hatchery  
  196  19:10  Overseer  
  196  19:11  Overlord  
  194  19:39  Corruptor x3  
  194  20:21  Brood Lord x3  
  190  20:45  Corruptor x5  
  200  20:52  Spore Crawler  
  200  20:53  Spore Crawler  
  200  20:54  Spore Crawler x2  
  200  20:55  Extractor  
  200  20:56  Spore Crawler  
  194  21:07  Spine Crawler x2  
  194  21:08  Spine Crawler  
  194  21:10  Queen  
  184  21:28  Corruptor x3  
  189  21:38  Spore Crawler x2  
  189  21:39  Spore Crawler  
  186  21:42  Brood Lord  
  186  21:43  Brood Lord x4  
  186  21:45  Spore Crawler x2  
  186  21:46  Spore Crawler  
  181  22:10  Brood Lord  
  181  22:11  Brood Lord  
  181  22:14  Zerg Ground Armor Level 3  
  181  22:15  Zerg Flyer Armor Level 2, Zerg Melee Weapons Level 1  
  185  22:25  Spore Crawler  
  185  22:26  Spore Crawler  
  185  22:27  Corruptor x4, Spore Crawler  
  185  22:28  Corruptor x2  
  185  23:00  Infestor x4  
  193  23:06  Infestor  
  193  23:07  Infestor x2  
  194  23:38  Zergling x20  
  199  23:55  Infestor x5  
  188  23:58  Drone x2  
  198  24:30  Drone x2  
  199  25:02  Zerg Melee Weapons Level 2  
  198  25:19  Brood Lord  
  196  25:27  Drone x2  
  184  25:39  Drone x5  
  184  25:41  Infestor x2  
  184  25:42  Infestor x2  
  183  25:54  Infestor x3  
  187  25:57  Drone x3  
  187  25:58  Drone  
  191  26:10  Zergling x16  
  199  26:16  Hatchery  
  197  26:36  Brood Lord x3  
  186  26:46  Drone x11  
  194  26:48  Infestor  
  195  27:09  Overseer  
  195  27:13  Hatchery  
  195  27:15  Hatchery  
  193  27:44  Brood Lord x2  
  190  28:01  Infestor  
  176  28:34  Hatchery  
  175  28:40  Zergling x2  
  175  28:41  Zergling x28  
  190  28:51  Zergling x2  
  191  28:57  Drone x4  
  195  29:10  Zergling x8  
  195  29:12  Adrenal Glands  
  198  29:21  Infestor  
  199  29:26  Hatchery  
  183  30:02  Zergling x14  
  183  30:03  Zergling x22  
  194  30:09  Drone x2  
  186  30:14  Drone x3  
  174  31:05  Hydralisk x12  
  176  31:16  Drone x3  
  176  31:17  Drone  
  178  31:20  Drone  
  178  31:33  Overseer  
  178  31:44  Drone x3  
  181  31:56  Drone x2  
  181  31:57  Drone  
  183  32:15  Overlord  
  177  32:39  Drone x2  
  178  32:45  Drone x6  
  184  33:07  Spire  
  183  33:23  Infestor  
  183  33:25  Drone x5  
  190  33:39  Drone x5  
  194  34:10  Infestor  
  194  34:15  Extractor  
  194  34:16  Extractor  
  192  34:46  Greater Spire  
  192  34:49  Drone x3  
  195  35:19  Overlord x3  
  195  35:30  Overlord  
  195  35:35  Lair  
  195  35:53  Zergling x8  
  191  36:35  Zergling x18  
  198  36:49  Drone  
  199  37:05  Hatchery  
  192  37:32  Spawning Pool  
  190  37:58  Drone x2  
  192  38:12  Drone x3  
  195  38:14  Infestation Pit  
  194  38:23  Zergling x12  
  198  39:28  Hatchery  
  193  39:33  Zergling x10  
  193  39:34  Zergling x8  
  197  39:43  Overseer  
  197  40:13  Queen  
  187  40:38  Queen  
  188  40:51  Hatchery  
  181  41:17  Zergling x12  
  184  41:19  Queen  
  170  41:45  Hydralisk Den  
  162  41:47  Zergling x8  
  164  41:55  Zergling x8  
  164  41:56  Zergling x2  
  169  42:01  Overlord  
  163  42:13  Zergling x6  
  166  42:41  Zergling x10  
  161  42:53  Zergling x8  
  154  43:01  Overlord  
  154  43:02  Hatchery  
  152  43:06  Infestor x5  
  159  43:19  Corruptor x2  
  161  43:21  Corruptor x4  
  161  43:24  Baneling x5  
  171  43:34  Zergling x4  
  173  43:48  Overlord  
  173  43:49  Overlord x2  
  169  44:07  Brood Lord x6  
  181  44:13  Zergling x2  
  181  44:14  Zergling x8  
  185  44:47  Overseer x2  
  185  44:48  Overseer  
  185  44:55  Corruptor  
  185  44:56  Corruptor x2  
  183  45:00  Infestor x3  
  183  45:02  Zergling x12  
  194  45:14  Extractor  
  194  45:15  Extractor  
  194  45:17  Spore Crawler  
  194  45:18  Spore Crawler  
  194  45:20  Hydralisk x4  
  185  45:34  Brood Lord x2  
  187  45:44  Zergling x18  
  196  45:57  Drone x4  
  198  46:10  Brood Lord  
  184  46:58  Hatchery  
  169  47:16  Hydralisk x10  
  169  47:17  Hydralisk  
  190  47:37  Infestor  
  190  47:38  Infestor x3  
  189  48:51  Drone x9  
  198  49:01  Extractor x2  
  196  49:03  Infestor x2  
  200  49:20  Spore Crawler  
  200  49:21  Drone x2, Spore Crawler  
  200  49:22  Spore Crawler  
  199  49:28  Burrow  
  198  50:01  Hive, Spire  
  198  50:07  Infestation Pit  
  198  50:12  Spire  
  186  50:40  Zergling x2  
  186  50:41  Zergling x16  
  173  51:58  Corruptor x7  
  179  52:11  Greater Spire  
  179  52:12  Drone x3  
  172  52:30  Infestor  
  172  52:31  Infestor x2  
  172  52:35  Brood Lord  
  182  52:38  Brood Lord x2  
  176  53:11  Drone x2  
  176  53:12  Drone x3  
  179  53:13  Drone  
  136  53:42  Brood Lord  
  136  53:43  Corruptor x2  
  136  53:48  Hatchery  
  141  54:13  Brood Lord  
  141  54:14  Brood Lord  
  119  54:32  Corruptor x3  
  105  55:15  Infestor x2, Spawning Pool  
  108  55:25  Corruptor  
Show
View Real Time Build Order
Export as new Build Order

ShaDoWn Protoss - Winner!

Build Orders: 1 Gate Expand, Oracle Opening 

Get SALT Encoding   

  12  0:02  Probe  
  14  0:14  Probe  
  14  0:22  Pylon  
  14  0:26  Probe  
  15  0:29  Assimilator  
  15  0:36  Probe  
  16  0:44  Gateway  
  16  0:45  Probe  
  17  0:54  Probe  
  18  1:06  Probe  
  19  1:18  Probe  
  19  1:25  Nexus  
  20  1:32  Cybernetics Core  
  20  1:36  Probe  
  21  1:41  Assimilator  
  21  1:48  Probe  
  21  1:51  Pylon  
  22  1:59  Adept  
  22  2:00  Probe  
  23  2:12  Probe  
  23  2:14  Stargate  
  26  2:20  Warp Gate  
  26  2:25  Probe  
  27  2:31  Stalker  
  27  2:33  Probe  
  27  2:34  Probe  
  31  2:42  Probe x2  
  31  2:51  Probe x2  
  33  2:52  Oracle  
  38  3:03  Probe  
  39  3:06  Probe  
  40  3:15  Probe  
  40  3:16  Gateway  
  40  3:18  Probe  
  42  3:23  Pylon  
  42  3:27  Probe  
  42  3:29  Assimilator  
  42  3:30  Probe  
  42  3:32  Assimilator  
  44  3:39  Probe, Twilight Council  
  45  3:42  Probe  
  45  3:44  Resonating Glaives  
  45  3:45  Gateway  
  46  3:54  Pylon  
  48  4:00  Gateway  
  48  4:01  Gateway  
  46  4:04  Gateway  
  46  4:14  Gateway  
  46  4:19  Adept x2  
  46  4:20  Probe  
  51  4:26  Probe  
  51  4:29  Pylon  
  52  4:34  Probe  
  53  4:42  Adept x3  
  53  4:45  Pylon  
  59  4:51  Pylon  
  59  4:57  Adept  
  59  4:58  Adept  
  59  4:59  Adept  
  65  5:08  Adept x3  
  65  5:09  Adept  
  65  5:13  Pylon  
  73  5:20  Adept x3  
  79  5:29  Adept x3  
  79  5:32  Adept  
  83  5:53  Adept x6  
  83  5:54  Probe  
  84  6:04  Adept  
  75  6:05  Probe  
  70  6:14  Adept x5  
  78  6:30  Adept x2  
  74  6:40  Adept x5  
  74  6:41  Probe  
  74  6:45  Probe  
  84  6:57  Probe  
  83  7:01  Nexus  
  83  7:06  Probe  
  83  7:07  Forge  
  84  7:08  Templar Archives  
  84  7:10  Probe  
  84  7:15  Pylon  
  81  7:28  Probe  
  81  7:29  Probe  
  83  7:31  Psionic Storm  
  73  7:40  Probe  
  73  7:41  Charge  
  73  7:42  Probe  
  75  7:46  Protoss Ground Weapons Level 1  
  75  7:50  High Templar x3  
  81  7:52  Probe  
  81  7:54  Probe  
  83  8:04  Probe  
  84  8:06  Probe, Shield Battery  
  84  8:08  Photon Cannon  
  84  8:16  Probe  
  84  8:18  Probe  
  82  8:20  Probe  
  82  8:21  High Templar  
  82  8:22  Assimilator  
  82  8:23  Zealot x5  
  95  8:29  Probe  
  95  8:30  Photon Cannon  
  95  8:31  Assimilator  
  95  8:33  Pylon  
  96  8:35  Pylon  
  96  8:44  Robotics Facility  
  96  8:46  Stalker  
  96  8:48  Zealot  
  98  8:49  High Templar  
  98  8:51  Adept x2  
  104  8:57  Gateway  
  104  9:07  High Templar  
  86  9:13  Adept x4  
  84  9:23  Immortal  
  74  9:25  Adept  
  74  9:30  Archon  
  74  9:31  Probe  
  65  9:34  Adept x5  
  65  9:35  Probe  
  65  9:36  Probe  
  74  9:46  Adept  
  74  9:50  Adept  
  74  9:51  Probe  
  74  9:52  Probe  
  78  9:53  Adept  
  78  9:55  Adept x4  
  78  9:57  Probe  
  85  10:00  Protoss Ground Weapons Level 2  
  85  10:02  Immortal  
  80  10:08  Adept  
  80  10:11  Probe x2  
  72  10:17  Adept x3  
  72  10:20  Probe  
  70  10:21  Probe  
  70  10:24  High Templar  
  70  10:25  Probe  
  70  10:28  Probe  
  74  10:29  Probe  
  74  10:32  Warp Prism  
  74  10:33  Probe  
  77  10:36  Probe  
  83  10:46  High Templar  
  83  10:48  Probe, Pylon  
  84  10:51  Zealot  
  86  10:58  Probe  
  87  11:05  High Templar x2  
  91  11:12  Immortal  
  91  11:13  Nexus  
  91  11:16  Pylon  
  91  11:19  High Templar  
  97  11:35  Probe  
  97  11:37  Probe  
  99  11:41  Probe  
  99  11:42  High Templar  
  99  11:46  Photon Cannon  
  102  11:47  Photon Cannon  
  102  11:48  Probe  
  102  11:50  Shield Battery  
  102  11:52  Immortal  
  107  12:00  Pylon  
  107  12:06  High Templar x2  
  111  12:08  Assimilator  
  111  12:10  High Templar x2  
  111  12:11  Assimilator, Archon  
  111  12:13  Probe  
  111  12:14  Probe, Archon  
  115  12:17  Probe  
  115  12:20  Protoss Ground Weapons Level 3  
  115  12:21  Probe  
  115  12:22  Probe  
  118  12:28  Gateway  
  118  12:29  Probe, Gateway  
  122  12:30  Probe  
  122  12:31  Probe  
  122  12:35  Stalker  
  122  12:36  Stalker  
  127  12:49  Photon Cannon  
  127  12:51  Pylon  
  127  12:54  Stalker x2, Pylon  
  131  13:02  High Templar  
  131  13:06  Stalker x2  
  131  13:07  Probe  
  130  13:13  High Templar x2  
  130  13:18  Archon  
  134  13:24  Pylon  
  134  13:25  Probe x3  
  134  13:26  Probe  
  138  13:27  Observer  
  138  13:37  Probe x2  
  138  13:41  Fleet Beacon, Stargate  
  141  13:42  Oracle  
  141  13:46  Probe  
  145  13:51  High Templar x2  
  145  13:54  Photon Cannon  
  149  14:00  Archon  
  149  14:04  Photon Cannon  
  149  14:05  Mothership  
  149  14:11  Observer  
  149  14:14  Nexus  
  149  14:16  Pylon  
  150  14:18  Carrier  
  150  14:21  Carrier  
  150  14:31  Pylon  
  164  14:35  Shield Battery  
  164  14:36  Photon Cannon  
  164  14:37  Photon Cannon  
  168  15:01  Gateway  
  168  15:02  Gateway  
  168  15:04  Gateway  
  168  15:05  Photon Cannon  
  168  15:07  Photon Cannon  
  168  15:10  Protoss Shields Level 1  
  168  15:12  Tempest  
  168  15:15  Tempest  
  168  15:19  Assimilator x2  
  173  15:54  Tempest  
  176  15:58  Tempest  
  176  16:02  High Templar x3  
  176  16:03  High Templar x2  
  176  16:04  Zealot x4, High Templar  
  199  16:13  Archon x2  
  199  16:14  Archon  
  187  16:35  Zealot x3  
  187  16:36  Zealot x3  
  199  16:54  Warp Prism  
  195  17:12  Zealot  
  195  17:13  Zealot x9  
  197  17:33  Nexus  
  197  17:35  High Templar x2  
  197  17:36  Warp Prism  
  199  17:38  Pylon  
  183  17:55  Oracle  
  184  18:00  Stargate  
  184  18:01  Stargate  
  184  18:02  Pylon  
  178  18:05  Protoss Shields Level 2  
  178  18:08  High Templar  
  178  18:09  High Templar  
  178  18:10  High Templar  
  178  18:11  Photon Cannon  
  182  18:13  Photon Cannon, Warp Prism  
  182  18:14  Protoss Air Weapons Level 1  
  182  18:15  Zealot, Shield Battery  
  182  18:17  Shield Battery  
  184  18:20  Photon Cannon  
  184  18:21  Photon Cannon  
  186  18:31  Assimilator  
  186  18:32  Dark Shrine  
  186  18:35  Assimilator  
  186  18:40  Photon Cannon  
  186  18:41  Photon Cannon  
  186  18:42  High Templar x2  
  186  18:43  High Templar x2  
  186  18:44  Zealot x3  
  186  18:47  Archon x2  
  200  19:01  Pylon  
  198  19:36  Nexus  
  198  19:38  Pylon  
  195  19:42  Pylon  
  195  19:49  Robotics Facility  
  195  19:51  Robotics Bay  
  187  19:58  Dark Templar x4  
  187  19:59  Zealot x3  
  199  20:04  Shield Battery  
  199  20:06  Photon Cannon, Probe  
  200  20:08  Photon Cannon  
  200  20:10  Photon Cannon  
  200  20:12  Photon Cannon  
  192  20:22  Probe  
  187  20:38  Zealot x6  
  187  20:39  Zealot x2  
  183  20:43  Dark Templar x4  
  189  20:54  Probe  
  189  20:55  Probe x4  
  194  20:58  Disruptor  
  194  20:59  Disruptor  
  194  21:00  Gravitic Drive  
  194  21:03  Oracle  
  200  21:15  Zealot  
  190  21:25  High Templar x2  
  190  21:27  High Templar  
  190  21:28  Probe x2, High Templar  
  190  21:29  Assimilator  
  200  21:33  Assimilator  
  200  21:39  Nexus  
  192  21:58  Carrier  
  186  22:03  Carrier  
  186  22:06  Disruptor  
  186  22:07  Disruptor  
  196  22:08  Carrier  
  196  22:13  Carrier  
  198  22:18  Protoss Shields Level 3, Probe x2  
  192  22:22  Protoss Air Weapons Level 2  
  190  22:32  Pylon  
  190  22:34  Pylon  
  187  22:39  Pylon  
  182  22:59  Shield Battery  
  182  23:02  Shield Battery  
  182  23:03  Shield Battery, Carrier  
  182  23:04  Photon Cannon  
  182  23:05  Photon Cannon, Dark Templar x2  
  185  23:07  Photon Cannon  
  185  23:08  Carrier, Dark Templar  
  185  23:09  Photon Cannon  
  193  23:15  Pylon  
  193  23:29  Zealot x4  
  200  23:35  Shield Battery  
  200  23:37  Photon Cannon  
  200  23:38  Photon Cannon  
  200  23:40  Photon Cannon  
  200  23:43  Photon Cannon  
  193  23:59  Warp Prism x2  
  195  24:05  Probe x2  
  195  24:06  Probe  
  194  24:16  Assimilator  
  191  24:22  Carrier  
  191  24:23  Tempest  
  197  24:27  Zealot x6  
  197  24:28  Zealot x4  
  200  24:36  Assimilator  
  200  24:37  Pylon  
  200  24:39  Pylon  
  200  24:51  Protoss Air Weapons Level 3  
  200  25:07  Photon Cannon  
  200  25:09  Photon Cannon  
  200  25:10  Photon Cannon  
  197  25:23  Zealot x3  
  197  25:31  Zealot  
  197  25:32  Zealot x4  
  197  25:35  Pylon  
  196  25:37  Zealot x2  
  196  25:40  Gravitic Boosters  
  199  25:58  Assimilator  
  199  26:06  Nexus  
  199  26:29  Nexus  
  185  26:40  Carrier x2  
  185  26:41  Tempest x2  
  189  26:49  Pylon  
  185  27:13  Assimilator  
  185  27:16  Pylon  
  185  27:17  Assimilator  
  185  27:19  Zealot x7  
  199  27:32  Protoss Air Armor Level 1  
  193  27:48  Zealot x5  
  193  27:49  Zealot x3  
  175  27:55  Zealot x8  
  175  27:56  Zealot x2  
  141  28:20  Tempest x2  
  141  28:21  Tempest x2  
  161  28:28  Disruptor x2  
  161  28:29  High Templar x2  
  161  28:30  Adept x2  
  161  28:32  Adept  
  175  28:34  Zealot x7  
  164  28:51  Zealot x2  
  164  28:52  Zealot  
  167  28:59  Dark Templar  
  169  29:03  Disruptor x2, Tempest x2  
  185  29:22  Adept  
  185  29:23  Shadow Stride, High Templar x3  
  191  29:26  Pylon  
  191  29:27  Assimilator  
  191  29:28  Dark Templar  
  191  29:29  Dark Templar x2  
  194  29:33  Mothership  
  192  29:39  Protoss Ground Armor Level 1  
  192  29:40  Observer x2, High Templar  
  194  29:45  Dark Templar x3  
  200  29:57  Photon Cannon  
  200  29:58  High Templar  
  200  29:59  Photon Cannon, High Templar  
  200  30:00  Photon Cannon x2  
  200  30:02  Photon Cannon, Shield Battery  
  200  30:05  Shield Battery  
  200  30:21  Nexus  
  198  30:25  Pylon  
  198  30:26  Dark Templar  
  191  30:46  Tempest  
  196  30:50  Photon Cannon  
  193  31:00  Nexus  
  180  31:08  Zealot x5  
  173  31:21  High Templar x9  
  173  31:22  High Templar x2  
  195  31:28  Archon  
  195  31:29  Archon x4  
  185  31:49  Observer  
  185  31:50  Oracle  
  189  31:55  Assimilator x2  
  189  31:56  Dark Templar  
  181  32:42  Dark Templar x2  
  183  32:50  Nexus  
  180  33:34  Probe  
  180  33:35  Dark Templar  
  180  33:36  Dark Templar x4  
  190  33:54  Protoss Air Armor Level 2  
  190  33:57  Oracle  
  190  34:12  Pylon  
  189  34:37  Probe x3  
  190  34:45  Photon Cannon x2  
  190  34:46  Photon Cannon  
  183  35:27  High Templar x2  
  183  35:28  High Templar x2  
  183  35:29  Zealot x3, Dark Templar x3  
  183  35:32  Archon x2, Oracle  
  200  35:48  Shield Battery  
  200  35:49  Photon Cannon x2  
  200  36:04  Protoss Ground Armor Level 2  
  196  36:31  Zealot x5  
  198  36:42  Pylon  
  198  37:24  Oracle  
  198  37:36  Nexus  
  184  37:58  Oracle  
  187  38:12  Probe x5  
  192  38:15  Probe x2  
  192  38:16  Assimilator  
  192  38:19  Protoss Air Armor Level 3  
  194  38:20  Assimilator  
  194  38:24  Probe  
  195  38:29  Probe x2  
  195  38:31  Probe  
  198  38:34  Pylon  
  198  38:39  Assimilator  
  198  38:41  Assimilator  
  195  38:54  Probe  
  195  38:55  Probe x3  
  199  39:10  Oracle  
  199  39:22  Photon Cannon  
  199  39:23  Photon Cannon  
  199  39:25  Photon Cannon  
  199  39:26  Photon Cannon  
  199  39:27  Shield Battery  
  199  39:28  Shield Battery  
  199  39:35  Probe  
  192  40:12  Dark Templar x3  
  192  40:13  Zealot  
  200  40:16  Mothership  
  187  40:45  Pylon  
  187  40:47  Zealot x3  
  187  40:48  Zealot x3  
  199  40:50  Phoenix  
  198  41:18  Assimilator  
  198  41:19  Nexus  
  198  41:24  Zealot x2  
  200  41:33  Pylon  
  200  41:48  Pylon  
  200  41:50  Zealot x4, Assimilator  
  200  41:53  Assimilator  
  192  42:15  Dark Templar x2  
  192  42:16  Dark Templar  
  179  42:48  Zealot x8  
  179  42:49  Zealot x2  
  199  42:54  Oracle  
  190  42:58  Zealot x2  
  194  43:06  Oracle  
  197  43:14  Zealot  
  197  43:24  Nexus  
  197  43:28  Pylon  
  197  43:30  Dark Templar  
  197  43:53  Photon Cannon, High Templar  
  197  43:55  Photon Cannon  
  197  43:57  Photon Cannon  
  197  43:59  Photon Cannon  
  197  44:00  Shield Battery  
  177  44:14  Zealot x11  
  197  44:19  Probe  
  198  44:35  Warp Prism  
  198  44:50  Nexus  
  200  45:04  Pylon  
  191  45:46  Pylon  
  191  45:53  Probe  
  191  46:15  Oracle  
  194  46:20  Zealot x3  
  200  46:27  Oracle  
  168  46:51  Disruptor, Warp Prism  
  157  46:54  Carrier  
  157  46:55  Carrier  
  169  47:09  Zealot x4  
  169  47:10  Zealot x8  
  169  47:13  Nexus  
  192  47:17  Pylon  
  192  47:19  Pylon  
  192  47:27  Pylon  
  190  47:40  Photon Cannon  
  190  47:41  Photon Cannon  
  190  47:44  Photon Cannon  
  190  47:50  Carrier x3  
  171  48:01  Carrier  
  195  48:08  Zealot x3  
  194  48:33  Dark Templar  
  194  48:39  Carrier  
  194  48:51  Nexus  
  200  48:59  Pylon  
  200  49:01  Pylon  
  200  49:04  Assimilator  
  200  49:09  Assimilator  
  200  49:20  Photon Cannon  
  200  49:22  Photon Cannon  
  200  49:24  Photon Cannon  
  200  49:40  Shield Battery  
  200  49:42  Shield Battery  
  198  49:56  Dark Templar  
  198  50:36  Dark Templar  
  193  51:29  Dark Templar x3  
  172  52:33  Dark Templar  
  172  52:34  Dark Templar x2  
  178  52:42  Pylon  
  148  54:48  High Templar x3  
Tags
 
Add a new tag
Caveats
  • Supply blocks, unpowered buildings, or Contaminate may cause inaccurate times.
  • Supply counts are checked every 10 seconds.